 Dungeon Crawl Stone Soup version 0.21.1-1-g345015fe64 (webtiles) character file.

49 Carigen the Chopper (level 3, -22/33 HPs)
             Began as a Minotaur Berserker on May 10, 2018.
             Was an Initiate of Makhleb.
             Annihilated by a polar bear (24 damage)
             ... created by the rage of Trog
             ... on level 2 of the Dungeon.
             The game lasted 00:18:35 (1602 turns).

Carigen the Chopper (Minotaur Berserker)            Turns: 1602, Time: 00:18:36

Health: -22/33     AC:  6    Str: 22    XL:     3   Next: 53%
Magic:  2/2        EV:  8    Int:  4    God:    Makhleb [......]
Gold:   83         SH:  7    Dex:  9    Spells: 2/2 levels left

rFire    . . .     SeeInvis .   a - +0 hand axe
rCold    . . .     Gourm    .   n - +0 shield
rNeg     . . .     Faith    .   e - +0 ring mail
rPois    .         Spirit   .   (helmet restricted)
rElec    .         Reflect  .   (no cloak)
rCorr    .         Harm     .   (no gloves)
MR       .....                  o - +0 pair of boots
Stlth    ..........             j - amulet of regeneration
HPRegen  0.51/turn              (no ring)
MPRegen  0.08/turn              (no ring)

@: no status effects
A: retaliatory headbutt, horns 2
a: Renounce Religion


You were on level 2 of the Dungeon.
You worshipped Makhleb.
Makhleb was noncommittal.
You were not hungry.

You visited 1 branch of the dungeon, and saw 2 of its levels.

You collected 83 gold pieces.

Inventory:

Hand Weapons
 a - a +0 hand axe (weapon)
 i - a -3 hunting sling
 l - a +0 hunting sling
Missiles
 g - 44 stones (quivered)
Armour
 b - a +0 animal skin
 e - a +0 ring mail (worn)
 n - a +0 shield (worn)
 o - a +0 pair of boots (worn)
Jewellery
 j - an amulet of regeneration (around neck)
Scrolls
 d - a scroll of identify {unknown}
 f - a scroll of amnesia {unknown}
 m - a scroll of fear {unknown}
Potions
 h - a potion of lignification {unknown}
 k - a potion of berserk rage
Comestibles
 c - a ration


   Skills:
 + Level 4.1 Fighting
 + Level 4.2 Axes
 - Level 0.7(0.8) Slings
 + Level 0.2(0.5) Throwing
 + Level 3.1 Armour
 * Level 2.5 Dodging
 + Level 0.1 Stealth


You had 2 spell levels left.
You didn't know any spells.

Dungeon Overview and Level Annotations

Branches:
Dungeon (2/15)

Altars:
Fedhas
Makhleb
Qazlal
Vehumet
Xom


Innate Abilities, Weirdness & Mutations

You reflexively headbutt those who attack you in melee.
You have a pair of horns on your head.


Message History

g - 43 stones (gained 1)
g - 44 stones (gained 1) Trog sends monsters to punish you. 2 polar bears and 2 black bears come into view.
You hit the polar bear.
The polar bear is lightly wounded.
You closely miss the polar bear. You block the polar bear's attack.
The polar bear claws you but does no damage. x2
The black bear bites you! You block the black bear's attack.
The black bear barely misses you. The black bear bites you!
The black bear claws you. The black bear barely misses you.
The polar bear bites you!
* * * LOW HITPOINT WARNING * * *
The polar bear claws you.
* * * LOW HITPOINT WARNING * * *
The polar bear claws you but does no damage.
The polar bear bites you!!
Ouch! That really hurt!
You die...

.........+,,,#..,,,,,*
.........#####.#****,*
.........#.....# *,*
...#+###.#.##..# *.*
...#.# #.#.#...#####.##
...'.# #.#.#..........#
...#####.#.#..##.####.#
##.........†...#.##...##
#######.#.#...#@...#..#
#.#.##.#hhh_....##
#.#.....h........#
#.......?........#
######.._..⌠.._..#
#..?........#
#...........#
##...._....##
####......#


You could see 2 polar bears and 2 black bears.

Vanquished Creatures
  An adder (D:2)
  A worm (D:2)
  A dart slug (D:1)
  A leopard gecko (D:1)
  2 giant cockroaches (D:2)
  11 goblins
  3 hobgoblins
  4 jackals (D:1)
  2 bats (D:1)
  4 kobolds
30 creatures vanquished.

Notes
Turn   | Place    | Note
-------+----------+-------------------------------------------
     0 | D:1      | Carigen the Minotaur Berserker began the quest for the Orb.
     0 | D:1      | Reached XP level 1. HP: 19/19 MP: 0/0
   146 | D:1      | Reached XP level 2. HP: 17/27 MP: 1/1
  1194 | D:2      | Reached XP level 3. HP: 6/33 MP: 2/2
  1459 | D:2      | Found a burning altar of Makhleb.
  1480 | D:2      | Fell from the grace of Trog
  1480 | D:2      | Became a worshipper of Makhleb the Destroyer
  1562 | D:2      | Found a stormy altar of Qazlal.
  1562 | D:2      | Found a blossoming altar of Fedhas.
  1575 | D:2      | Found a shimmering altar of Xom.
  1578 | D:2      | Found a radiant altar of Vehumet.
  1600 | D:2      | Noticed a black bear
  1600 | D:2      | Noticed a black bear
  1600 | D:2      | Noticed a polar bear
  1600 | D:2      | Noticed a polar bear
  1602 | D:2      | Annihilated by a polar bear

Skill      XL: |  1  2 |
---------------+-------+-----
Axes           | 4 |  4.2
Fighting       | 4 |  4.1
Armour         | 3 |  3.1
Slings         | |  0.7
Throwing       | |  0.2
Dodging        | |  2.5
Stealth        | |  0.1

Action                   || total
-------------------------++-------
Melee: Hand axe          ||    26
       Headbutt          ||    17
       Hunting sling     ||    55
 Fire: Hunting sling     ||    15
Throw: Stone             ||    28
Invok: Berserk           ||     1
  Use: Scroll            ||     4
       Potion            ||     1
  Eat: Chunk             ||     3
Armor: Animal skin       ||     1
       Ring mail         ||    26
Dodge: Dodged            ||    49
Block: Shield            ||     7
